 Dungeon Crawl Stone Soup version 0.19.4 (webtiles) character file.

107 Kiturien the Firebug (level 4, -3/24 HPs)
             Began as a Tengu Fire Elementalist on Feb 3, 2017.
             Slain by mora's ghost (14 damage)
             ... on level 3 of the Dungeon.
             The game lasted 00:12:02 (2389 turns).

Kiturien the Firebug (Tengu Fire Elementalist)      Turns: 2389, Time: 00:12:02

Health: -3/24      AC:  4    Str:  8    XL:     4   Next: 85%
Magic:  4/9        EV: 15    Int: 16    God:
Gold:   89         SH:  0    Dex: 15    Spells: 2 memorised, 6 levels left

rFire  . . .     SeeInvis .     m - +0 whip
rCold  . . .     Gourm    .     a - +0 robe
rNeg   . . .     Faith    .     (no shield)
rPois  .         Spirit   .     (helmet restricted)
rElec  .         Reflect  .     (no cloak)
rCorr  .         Harm     .     (no gloves)
MR     .....                    (boots unavailable)
Stlth  ++........               (no amulet)
                                p - +2 ring of evasion
                                g - +2 ring of protection

@: no status effects
A: beak, talons 3
a: no special abilities


You were on level 3 of the Dungeon.
You were hungry.

You visited 1 branch of the dungeon, and saw 3 of its levels.

You collected 89 gold pieces.

Inventory:

Hand Weapons
 m - a +0 whip (weapon)
Armour
 a - a +0 robe (worn)
Jewellery
 g - a +2 ring of protection (left hand)
 p - a +2 ring of evasion (right hand)
Scrolls
 e - a scroll of identify {unknown}
 h - a scroll of enchant armour {unknown}
 j - a scroll of fear {unknown}
 l - a scroll of recharging {unknown}
 r - a scroll of noise {unknown}
 t - a scroll of amnesia
Potions
 d - a potion of might {unknown}
 f - a potion of curing
 i - a potion of heal wounds {unknown}
 k - 2 potions of degeneration {unknown}
 o - a potion of haste {unknown}
 q - a potion of ambrosia {unknown}
Books
 b - a book of Flames

   Spells                             Type                      Level
   a - Flame Tongue                   Conjuration/Fire             1
   b - Throw Flame                    Conjuration/Fire             2
   c - Conjure Flame                  Conjuration/Fire             3
   d - Inner Flame                    Hexes/Fire                   3
   e - Sticky Flame                   Conjuration/Fire             4
   f - Fireball                       Conjuration/Fire             5
Comestibles
 c - 2 bread rations
 n - 2 meat rations


   Skills:
 - Level 2.1 Dodging
 - Level 2.0 Stealth
 + Level 3.1 Spellcasting
 - Level 1.3 Conjurations
 - Level 5.0 Fire Magic


You had 6 spell levels left.
You knew the following spells:

 Your Spells              Type           Power        Failure   Level  Hunger
a - Flame Tongue          Conj/Fire      ##...        6%          1    None
b - Throw Flame           Conj/Fire      ##....       10%         2    ##.....


Dungeon Overview and Level Annotations

Branches:
Dungeon (3/15)

Altars:

Annotations:
D:3 mora's ghost, amateur DDFi


Innate Abilities, Weirdness & Mutations

You have a beak for a mouth.
You have claws for feet.


Message History

Mora's ghost hits you.
You barely miss mora's ghost.
You claw mora's ghost, but do no damage.
Mora's ghost is lightly damaged.
Mora's ghost closely misses you.
You hit mora's ghost but do no damage. Your peck misses mora's ghost.
Mora's ghost is lightly damaged.
Mora's ghost hits you!
You hit mora's ghost but do no damage. You claw mora's ghost.
Mora's ghost is lightly damaged.
Mora's ghost closely misses you.
You hit mora's ghost but do no damage.
You claw mora's ghost, but do no damage.
Mora's ghost is lightly damaged.
Mora's ghost barely misses you.
You closely miss mora's ghost.
Mora's ghost is lightly damaged.
Mora's ghost hits you!
Ouch! That really hurt!
You die...

. ####..(## #... .. #
###..####.÷# ##
.#####.÷.##.##
.W.####..#.# #..##
#.).## #..###....# #
#..##.#...
#####.#########.......##
.......@W...............
####..########.####.##..
#. ##..[# #.# .#
#.######..######.#.##
.#........## ##.....#
.........#####....###
.....###.#....>#.## .)..
#.......#.# ..
###.....#.#


You could see mora's ghost.

Vanquished Creatures
  5 adders
  An ooze (D:1)
  2 dart slugs
  5 leopard geckos
  4 orcs (D:3)
  A ball python (D:2)
  5 bats
  A giant cockroach (D:2)
  A hobgoblin (D:1)
  4 jackals (D:2)
  4 kobolds (D:2)
  3 frilled lizards
  5 goblins
  4 rats
45 creatures vanquished.

Notes
Turn   | Place    | Note
-------+----------+-------------------------------------------
     0 | D:1      | Kiturien the Tengu Fire Elementalist began the quest for the Orb.
     0 | D:1      | Reached XP level 1. HP: 10/10 MP: 4/4
   126 | D:1      | Reached XP level 2. HP: 15/15 MP: 1/6
   163 | D:1      | Reached skill level 4 in Fire Magic
   480 | D:1      | Learned a level 2 spell: Throw Flame
   942 | D:2      | Reached XP level 3. HP: 18/19 MP: 3/7
  1513 | D:2      | Reached skill level 5 in Fire Magic
  1669 | D:2      | Reached XP level 4. HP: 24/24 MP: 3/8
  2013 | D:3      | Noticed mora's ghost (amateur DDFi)
  2389 | D:3      | Slain by mora's ghost

Skill      XL: |  1  2  3  4 |
---------------+-------------+-----
Fire Magic     | 4 5 |  5.0
Spellcasting   | 3 |  3.1
Dodging        | |  2.1
Stealth        | |  2.0
Conjurations   | |  1.3

Action                   |  1- 3 |  4- 6 || total
-------------------------+-------+-------++-------
Melee: Unarmed           |    18 |       ||    18
       Whip              |    24 |    29 ||    53
       Peck              |     5 |     4 ||     9
       Kick              |     4 |     7 ||    11
 Cast: Flame Tongue      |    13 |     2 ||    15
       Throw Flame       |    30 |    25 ||    55
  Use: Scroll            |     2 |     1 ||     3
       Potion            |       |     1 ||     1
  Eat: Fruit             |     2 |     1 ||     3
       Bread ration      |     1 |       ||     1
       Chunk             |       |     1 ||     1
Armor: Robe              |    21 |     9 ||    30
Dodge: Dodged            |    52 |    40 ||    92
